 Dungeon Crawl Stone Soup version 0.30.1-4-g462c640d31 (webtiles) character file.

Game seed: 11400032125737930972

176 Kurtz the Chopper (level 5, 0/31 (32) HPs)
             Began as a Tengu Fighter on Sept 18, 2023.
             Killed by divine providence
             ... invoked by an orc priest
              (15 damage)
             ... on level 3 of the Dungeon.
             The game lasted 00:02:52 (1992 turns).

Kurtz the Chopper (Tengu Fighter)                   Turns: 1992, Time: 00:02:53

HP:   0/31 (32)     AC:  9    Str: 18    XL:     5   Next: 56%
MP:   6/6           EV:  8    Int:  9    God:
Gold: 42            SH:  4    Dex: 13    Spells: 4/4 levels left

rFire   . . .        a - +0 war axe
rCold   . . .        c - +0 buckler
rNeg    . . .        o - +0 chain mail
rPois   .            (helmet restricted)
rElec   .            (no cloak)
rCorr   .            (no gloves)
SInv    .            (boots unavailable)
Will    .....        (no amulet) Stlth
                     (no ring)
HPRegen 0.25/turn    (no ring)
MPRegen 0.10/turn

%: no passive effects
@: flying quickly and evasively, lightly drained, quick
A: beak, talons 3, nimble flight
a: no special abilities


You were on level 3 of the Dungeon.
You visited 1 branch of the dungeon, and saw 3 of its levels.
You also visited: Sewer.

You collected 42 gold pieces.

Inventory:

Hand Weapons
 a - a +0 war axe (weapon)
Missiles
 k - 5 poisoned darts (quivered)
Armour
 b - a +0 scale mail
 c - a +0 buckler (worn)
 o - a +0 chain mail (worn)
Scrolls
 d - a scroll of enchant armour {unknown}
 e - 2 scrolls of blinking {unknown}
 f - 2 scrolls of fear
 g - 2 scrolls of teleportation {unknown}
 h - a scroll of vulnerability
 j - a scroll of immolation
 l - a scroll of amnesia
 m - a scroll of enchant weapon {unknown}
 p - a scroll of identify
Potions
 i - 2 potions of magic {unknown}
 n - a potion of might
 q - a potion of haste


   Skills:
 - Level 3.0 Fighting
 * Level 6.2 Axes
 - Level 3.2 Armour
 - Level 3.0 Shields


You had 4 spell levels left.
You didn't know any spells.
Your spell library contained the following spells:

 Spells                   Type           Power      Damage    Failure   Level
 Slow                     Hex            0%         N/A       99%         1
 Confusing Touch          Hex            0%         N/A       100%        3
 Vampiric Draining        Necr           0%         2d6       100%        3
 Iskenderun's Battlesphe  Conj           0%         2d6       100%        5
 Iron Shot                Conj/Erth      0%         9d1       100%        6
 Spellforged Servitor     Conj/Summ      0%         N/A       100%        7


Dungeon Overview and Level Annotations

Branches:
Dungeon (3/15)              Sewer (visited)

Altars:
Elyvilon
Yredelemnul

Annotations:
D:2 Robin, Sigmund


Innate Abilities, Weirdness & Mutations

You have a beak for a mouth.
You have claws for feet.
Your magical nature lets you fly swiftly and evasively.


Message History

You are too injured to fight recklessly!
You are too injured to fight recklessly!
You are too injured to fight recklessly!
You are too injured to fight recklessly!
You are too injured to fight recklessly!
You are too injured to fight recklessly!
You are too injured to fight recklessly!
You are too injured to fight recklessly!
You are too injured to fight recklessly!
You are too injured to fight recklessly!
You are too injured to fight recklessly!
You are too injured to fight recklessly!
You are too injured to fight recklessly!
You are too injured to fight recklessly!
You are too injured to fight recklessly!
You are too injured to fight recklessly!
You are too injured to fight recklessly!
Unknown command.
You slash the orc!
You kill the orc!
An orc comes into view. It is wielding a +0 dagger.
The orc priest looks encouraged for a moment.
The orc priest hits you but does no damage.
Things that are here:
a +0 flail; a +0 leather armour; an orc corpse You closely miss the orc priest.
You claw the orc priest. You peck the orc priest.
The orc priest is moderately wounded.
The orc priest hits you but does no damage.
You closely miss the orc priest. Your kick misses the orc priest.
The orc priest is moderately wounded.
You hit the orc. Your kick misses the orc. You peck the orc.
You kill the orc!
You slash the orc priest! Your kick misses the orc priest.
Your peck misses the orc priest.
The orc priest is almost dead.
An orc comes into view. It is wielding a +0 flail.
The orc priest mumbles some strange prayers to Beogh against you.
Beogh smites you!
You die...

#.. #.# #..
o># #.# #o#
#o# #@# #.#
#.# #####.##
#......#
#.####......
##.# #####.
#..# ##..#


You could see an orc priest and 2 orcs.

Vanquished Creatures
  Pargi (Sewer)
  An adder (D:2)
  2 worms (D:3)
  3 orcs (D:3)
  6 endoplasms
  4 giant cockroaches
  4 goblins (D:2)
  11 hobgoblins
  4 kobolds
  A quokka (D:3)
  7 ball pythons
  3 bats
  8 frilled lizards
  7 rats
  A spectral kobold (D:2)
63 creatures vanquished.

Notes
Turn   | Place    | Note
-------+----------+-------------------------------------------
     0 | D:1      | Kurtz the Tengu Fighter began the quest for the Orb.
     0 | D:1      | Reached XP level 1. HP: 14/14 MP: 2/2
   307 | D:1      | Reached XP level 2. HP: 19/19 MP: 3/3
   393 | D:1      | Reached skill level 3 in Axes
   743 | D:2      | Noticed Sigmund
   750 | D:2      | Reached XP level 3. HP: 6/23 MP: 4/4
   997 | D:2      | Found a faded altar of an unknown god.
  1078 | D:2      | Reached skill level 4 in Axes
  1185 | D:2      | Noticed Robin
  1301 | D:3      | Reached XP level 4. HP: 28/28 MP: 5/5
  1364 | D:3      | Found a glowing drain.
  1381 | Sewer    | Entered a sewer
  1404 | Sewer    | Noticed Pargi
  1416 | Sewer    | Killed Pargi
  1417 | Sewer    | Reached skill level 6 in Axes
  1417 | Sewer    | Gained mutation: Your magical nature lets you fly swiftly
                  | and evasively. [Tengu growth]
  1417 | Sewer    | Reached XP level 5. HP: 17/32 MP: 6/6
  1767 | D:3      | Found a white marble altar of Elyvilon.
  1827 | D:3      | Found a basalt altar of Yredelemnul.
  1992 | D:3      | Killed from afar by an orc priest

Illustrated notes

Levels and vault maps discovered:
D:1:      nzn_arrival_settlement, layout_loops_cross
D:2:      layout_basic, dreamdust_ecumenical_altar_drowned_temple,
          minmay_pentomino_pile, uniq_sigmund, uniq_robin
D:3:      minmay_chambers_of_twos, layout_basic, kennysheep_ying_yang,
          portal_sewer_entry_b, small_statue_intersection, hangedman_decor_push,
          kennysheep_generic_room_13

Skill      XL: |  1  2  3  4 |
---------------+-------------+-----
Axes           | 3 4 6 |  6.2
Fighting       | |  3.0
Armour         | |  3.2
Shields        | |  3.0

Action                     |  1- 3 |  4- 6 || total
---------------------------+-------+-------++-------
  Melee: War axe           |    78 |    50 ||   128
         Kick              |     8 |    12 ||    20
         Peck              |    14 |     9 ||    23
    Use: Scroll            |     4 |       ||     4
         Potion            |     1 |     1 ||     2
 Armour: Scale mail        |    43 |    28 ||    71
         Chain mail        |       |     3 ||     3
  Dodge: Dodged            |    37 |    18 ||    55
  Block: Buckler           |    17 |    18 ||    35
